 Dungeon Crawl Stone Soup version 0.28.0 (webtiles) character file.

Game seed: 16445827962737884465

3101 Host24 the Quickloader (level 10, -1/65 HPs)
             Began as a Kobold Hunter on Mar 5, 2022.
             Was a Believer of Okawaru.
             Killed from afar by Harold (8 damage)
             ... with a harpoon shot
             ... on level 7 of the Dungeon.
             The game lasted 00:19:27 (8603 turns).

Host24 the Quickloader (Kobold Hunter)              Turns: 8603, Time: 00:19:27

Health: -1/65      AC:  8    Str: 13    XL:     10   Next: 13%
Magic:  12/14      EV: 22    Int: 12    God:    Okawaru [**....]
Gold:   349        SH:  0    Dex: 18    Spells: 9/9 levels left

rFire   + + +      SeeInvis .   l - +8 mace of Mana {holy, rF+++ Will++ Str-5 Stlth+}
rCold   . . .      Faith    .   (no shield)
rNeg    . . .      Spirit   .   g - +3 leather armour
rPois   .          Reflect  .   (no helmet)
rElec   .          Harm     .   (no cloak)
rCorr   .          Rampage  .   (no gloves)
Will    ++...                   s - +1 pair of boots
Stlth   +++++.....              h - amulet of regeneration
HPRegen 1.00/turn               E - +6 ring of strength
MPRegen 0.14/turn               (no ring)

@: heroic
A: small, no large weapons, nightstalker 3
a: Renounce Religion, Heroism


You were on level 7 of the Dungeon.
You worshipped Okawaru.
Okawaru was pleased with you.
You visited 2 branches of the dungeon, and saw 9 of its levels.

You collected 375 gold pieces.
You spent 26 gold pieces at shops.

Inventory:

Hand Weapons
 a - a +1 hand crossbow
 j - a +0 dagger of venom
 l - the +8 mace of Mana (weapon) {holy, rF+++ Will++ Str-5 Stlth+}
   (You found it on level 2 of the Dungeon)

   It has been blessed by the Shining One to cause great damage to the undead
   and demons.
   Str:       It affects your strength (-5).
   rF:        It renders you almost immune to fire.
   Will:      It greatly increases your willpower.
   Stlth:     It makes you more stealthy.
 H - a +4 spear of flaming
 M - a +3 dagger of freezing
Missiles
 d - 51 bolts
 e - 254 stones (quivered)
 i - 14 poisoned darts
 o - 122 arrows
 p - 24 sling bullets
 N - a throwing net
Armour
 g - a +3 leather armour (worn)
 s - a +1 pair of boots (worn)
Jewellery
 h - an amulet of regeneration (around neck)
 B - an amulet of reflection
 D - a ring of wizardry
 E - a +6 ring of strength (left hand)
 F - an amulet of magic regeneration
Wands
 b - a wand of mindburst (15)
 n - a wand of iceblast (44)
 w - a wand of acid (11)
 K - a wand of flame (22)
Scrolls
 f - 2 scrolls of vulnerability {unknown}
 k - a scroll of fog {unknown}
 r - a scroll of summoning {unknown}
 t - a scroll of holy word {unknown}
 u - a scroll of teleportation {unknown}
 x - 2 scrolls of immolation {unknown}
 y - 2 scrolls of enchant armour {unknown}
 J - a scroll of amnesia {unknown}
Potions
 c - a potion of brilliance {unknown}
 m - a potion of resistance
 q - a potion of lignification
 v - a potion of might {unknown}
 z - 2 potions of berserk rage {unknown}
 A - 2 potions of curing
 C - 2 potions of invisibility {unknown}
 G - a potion of haste
 I - a potion of degeneration {unknown}
 O - a potion of attraction {unknown}


   Skills:
 - Level 8.5(13.5) Fighting
 - Level 10.0(15.0) Crossbows
 + Level 7.8(12.8) Dodging
 - Level 1.3(6.3) Stealth
 - Level 6.2 Invocations


You had 9 spell levels left.
You didn't know any spells.
Your spell library contained the following spells:

 Spells                   Type           Power      Damage    Failure   Level
 Apportation              Tloc           0%         N/A       38%         1
 Slow                     Hex            0%         N/A       38%         1
 Corpse Rot               Necr/Air       0%         N/A       52%         2
 Poisonous Vapours        Pois/Air       0%         N/A       52%         2
 Confusing Touch          Hex            0%         N/A       77%         3
 Vampiric Draining        Necr           0%         2d6       77%         3
 Fireball                 Conj/Fire      0%         3d3       100%        5
 Iskenderun's Battlesphe  Conj           0%         2d6       100%        5
 Conjure Ball Lightning   Conj/Air       0%         3x3d6     100%        6
 Orb of Destruction       Conj           0%         9d5       100%        7
 Animate Skeleton         Necr           Unusable   N/A       N/A         1
 Summon Small Mammal      Summ           Unusable   N/A       N/A         1

Dungeon Overview and Level Annotations

Branches:
Dungeon (8/15)             Temple (1/1) D:6
   Lair: D:8-11

Altars:
Ashenzari
Cheibriados
Elyvilon
Fedhas
Gozag
Kikubaaqudgha
Makhleb
Nemelex Xobeh
Okawaru
Qazlal
Ru
Trog
Uskayaw
Vehumet
Wu Jian
Xom
The Shining One

Shops:
D:1 *

Annotations:
D:2 1 runed translucent door, Crazy Yiuf
D:6 Grinder
D:7 1 runed translucent door, Harold
D:8 Joseph


Innate Abilities, Weirdness & Mutations

You are small and have problems with some larger weapons.
You are completely attuned to the shadows.


Message History

Harold points at you and mumbles some strange words.
You barely resist.
The centaur wields a +0 shortbow.
The centaur shoots an arrow.
The arrow misses you.
Harold points at you and mumbles some strange words.
You barely resist.
The centaur shoots an arrow.
The arrow hits you but does no damage.
The centaur shoots an arrow.
The arrow hits you but does no damage.
Harold throws a throwing net.
The throwing net hits you.
You become entangled in the net!
The centaur shoots an arrow.
The arrow hits you.
You see here a throwing net.
You tear a large gash into the net.
The centaur shoots an arrow.
The arrow hits you.
You shred the net and break free!
The centaur shoots an arrow.
The arrow barely misses you.
The centaur shoots an arrow.
The arrow misses you.
There is a stone staircase leading up here.
Harold misses you.
You climb upwards.
Level annotation: 1 runed translucent door
There is a stone staircase leading down here.
Harold fires a harpoon shot at you. The harpoon shot hits you.
You are yanked forward by the harpoon shot.
You sock Harold!
Harold is lightly wounded.
Harold hits you with a +0 dire flail!!
* * * LOW HITPOINT WARNING * * *
Harold barely misses you.
Harold points at you and mumbles some strange words.
You barely resist.
You gain the combat prowess of a mighty hero.
You thump Harold!
Harold is moderately wounded.
Harold hits you with a +0 dire flail!
* * * LOW HITPOINT WARNING * * *
Harold fires a harpoon shot at you. The harpoon shot hits you!
You die...

#.....####.'...#..#..#.
##......###.#†...#...#..
#.........[.#†...##.##..
##..........#≈≈....#....
#######..#.#≈≈≈.......≈
#...##.#≈≈≈≈.....≈≈
###...#..#≈≈≈≈≈≈≈≈≈≈≈
##.#......############
#....@.##...## #...# #
##...........###...###
#..@##.......##...#..
###....#...............
##.#....................
##......#>##............#
#........###............#
###.....###...........#..
#......####..........#..


You could see Harold.

Vanquished Creatures
  A wraith (D:7)
  Eustachio (D:5)
  Edmund (D:5)
  A water moccasin (D:4)
  An orc warrior (D:8)
  2 sky beasts
  3 ogres
  2 centaurs
  A gnoll sergeant (D:6)
  Blork the orc (D:5)
  2 scorpions
  A bullfrog (D:7)
  A wyvern skeleton (D:6)
  A water moccasin skeleton (D:5)
  8 wights
  A howler monkey (D:7)
  2 electric eels (D:7)
  A centaur zombie (D:6)
  A bullfrog zombie (D:5)
  4 jellies
  3 hounds
  2 bullfrog skeletons (D:5)
  5 orc priests
  2 gnoll shamans (D:7)
  Ijyb (D:4)
  3 iguanas
  5 orc wizards
  A killer bee zombie (D:6)
  9 gnolls
  A howler monkey skeleton (D:7)
  4 adders
  2 white imps
  An adder skeleton (D:5)
  A dart slug (D:4)
  19 orcs
  7 endoplasms
  A giant cockroach (D:4)
  2 goblins (D:1)
  9 hobgoblins
  17 jackals
  10 kobolds
  3 quokkas
  3 ball pythons
  6 bats
  2 frilled lizards
  3 rats
158 creatures vanquished.

Notes
Turn   | Place    | Note
-------+----------+-------------------------------------------
     0 | D:1      | Host24 the Kobold Hunter began the quest for the Orb.
     0 | D:1      | Reached XP level 1. HP: 12/12 MP: 1/1
    92 | D:1      | Reached skill level 5 in Crossbows
   103 | D:1      | Reached XP level 2. HP: 5/18 MP: 2/2
   399 | D:1      | Noticed a floating eye
   400 | D:1      | Found a faded altar of an unknown god.
   400 | D:1      | Noticed a great orb of eyes
   412 | D:1      | Noticed a great orb of eyes
   423 | D:1      | Noticed a shining eye
   992 | D:1      | Reached XP level 3. HP: 23/23 MP: 3/3
  1080 | D:1      | Found Patisid's General Store.
  1085 | D:1      | Bought a scroll of identify for 26 gold pieces
  1337 | D:2      | Identified the +8 mace of Mana {holy, rF+++ Will++ Str-5
                  | Stlth+}
  1343 | D:2      | Found a runed translucent door.
  1346 | D:2      | Noticed Crazy Yiuf
  1519 | D:2      | Reached XP level 4. HP: 29/29 MP: 4/4
  2612 | D:3      | Found a bloodstained altar of Trog.
  3187 | D:3      | Reached XP level 5. HP: 32/33 MP: 5/5
  3373 | D:4      | Reached skill level 6 in Crossbows
  3761 | D:4      | Noticed Ijyb
  4009 | D:4      | Reached skill level 7 in Crossbows
  4009 | D:4      | Reached XP level 6. HP: 9/38 MP: 6/6
  4087 | D:4      | Killed Ijyb
  4093 | D:4      | Found a stormy altar of Qazlal.
  4375 | D:4      | Noticed a water moccasin
  4572 | D:5      | Entered Level 5 of the Dungeon
  4606 | D:4      | Killed a water moccasin
  4607 | D:4      | Reached skill level 8 in Crossbows
  4607 | D:4      | Reached XP level 7. HP: 25/43 MP: 7/7
  4661 | D:5      | Noticed Blork the orc
  4847 | D:5      | Noticed Eustachio
  4855 | D:5      | Killed Eustachio
  4856 | D:5      | Reached skill level 9 in Crossbows
  5119 | D:5      | Reached skill level 10 in Crossbows
  5232 | D:5      | Reached XP level 8. HP: 48/48 MP: 8/8
  5254 | D:5      | Noticed Edmund
  5266 | D:5      | Killed Edmund
  5267 | D:5      | Reached skill level 5 in Fighting
  5470 | D:5      | Killed Blork the orc
  5649 | D:5      | Found an ornate altar of the Wu Jian Council.
  6019 | D:6      | Reached XP level 9. HP: 50/59 MP: 9/9
  6101 | D:6      | Found a staircase to the Ecumenical Temple.
  6107 | Temple   | Entered the Ecumenical Temple
  6400 | Temple   | Became a worshipper of Warmaster Okawaru
  6701 | D:6      | Reached skill level 1 in Invocations
  6936 | D:6      | Noticed Grinder
  7280 | D:6      | Reached skill level 5 in Invocations
  7501 | D:7      | Reached * piety under Okawaru
  7672 | D:7      | Reached skill level 5 in Dodging
  7909 | D:7      | Found a runed translucent door.
  7909 | D:7      | Noticed a sixfirhy
  7968 | D:7      | Reached XP level 10. HP: 64/65 MP: 14/14
  8147 | D:7      | Reached ** piety under Okawaru
  8240 | D:8      | Noticed Joseph
  8246 | D:8      | Noticed Harold
  8603 | D:7      | Killed from afar by Harold

Illustrated notes

Levels and vault maps discovered:
D:1:      minmay_arrival_plants_in_alcoves, layout_basic, serial_shops,
          nicolae_shop_hallway_stairs, hellmonk_ecumenical_altar_watching_god,
          minmay_misc_feat_doors
D:2:      layout_loops_ring, grunt_ministairs_14, ebering_dispersal_statue_hall,
          uniq_crazy_yiuf_cottage
D:3:      layout_loops_corners, mainiacjoe_overflow_24_doors, serial_rivers,
          chequers_serial_rivers_micro_c, chequers_serial_rivers_micro_a,
          chequers_serial_rivers_micro_e, chequers_serial_rivers_small_a,
          chequers_serial_rivers_large_b
D:4:      layout_basic, nicolae_qazlal_general_emergency, uniq_ijyb
D:5:      layout_gridville, nzn_wu_jian_council_hall, uniq_edmund,
          uniq_blork_the_orc, uniq_eustachio
D:6:      layout_loops_corners, temple_statues, grunt_tough_drop, uniq_grinder
D:7:      cheibrodos_shockbox, layout_cave_pools, kennysheep_generic_room_2
D:8:      layout_cave_pools, amcnicky_altar_gilded, uniq_harold, uniq_joseph
Temple:   minmay_temple_curvy_branch

Skill      XL: |  1  2  3  4  5  6  7  8  9 10 |
---------------+-------------------------------+-----
Crossbows      | 5 7 8 10 | 10.0
Fighting       | 3 4 8 |  8.5
Dodging        | 3 6 7 |  7.8
Invocations    | 6 |  6.2
Stealth        | |  1.3

Action                   |  1- 3 |  4- 6 |  7- 9 | 10-12 || total
-------------------------+-------+-------+-------+-------++-------
Melee: Short sword       |    97 |       |       |       ||    97
       Punch             |     2 |     1 |     3 |       ||     6
       Mace              |    15 |   124 |   230 |    27 ||   396
       Dagger            |       |       |       |    10 ||    10
 Fire: Hand crossbow     |       |     2 |    34 |       ||    36
Throw: Stone             |       |       |     1 |       ||     1
Invok: Heroism           |       |       |       |     1 ||     1
  Use: Scroll            |     1 |     1 |     1 |       ||     3
       Potion            |       |     4 |     1 |       ||     5
 Stab: Sleeping          |     6 |    17 |    10 |       ||    33
       Distracted        |       |     2 |       |       ||     2
Armor: Leather armour    |    27 |    21 |   109 |    21 ||   178
       Skin              |       |     4 |     1 |       ||     5
Dodge: Dodged            |   121 |    96 |   256 |    80 ||   553
